Map: 紫晶浪漫-天梯版

Players

夜蝶蝶蝶蝶蝶蝶蝶 (Firefly) - Winner!

  • Race: Protoss Protoss

iGXY (XY)

  • Race: Terran Terran

Event: DreamHack SC2 Masters 2021 Summer

VOD

Have the link to the VOD?

Description

Time

  • Played on: May 27, 2021, 8 a.m.
  • Length: 17:00

All games in this series

Show
View Real Time Build Order
Export as new Build Order

夜蝶蝶蝶蝶蝶蝶蝶 Protoss - Winner!

Build Orders: 1 Gate Expand, Carriers, Zealot Archon, Dark Templar Rush 

Get SALT Encoding   

  12  0:00  Probe  
  13  0:12  Probe  
  14  0:17  Pylon  
  14  0:24  Probe  
  15  0:36  Gateway  
  15  0:37  Probe (Chrono Boost)  
  16  0:46  Probe (Chrono Boost)  
  16  0:47  Assimilator  
  17  0:51  Probe (Chrono Boost)  
  18  1:03  Probe  
  19  1:15  Probe  
  20  1:27  Cybernetics Core  
  20  1:34  Nexus  
  20  1:40  Pylon  
  20  1:43  Probe  
  21  1:51  Assimilator  
  21  1:55  Probe  
  22  2:01  Adept (Chrono Boost)  
  22  2:06  Shield Battery  
  22  2:08  Probe  
  25  2:10  Warp Gate  
  25  2:20  Probe  
  26  2:24  Stalker  
  28  2:32  Probe (Chrono Boost)  
  29  2:40  Twilight Council  
  30  2:44  Probe (Chrono Boost)  
  30  2:50  Probe x2 (Chrono Boost)  
  32  2:58  Probe  
  32  2:59  Probe  
  32  3:01  Robotics Facility  
  34  3:10  Probe, Adept  
  37  3:13  Probe  
  38  3:23  Probe  
  38  3:25  Probe  
  40  3:27  Gateway  
  40  3:32  Dark Shrine  
  40  3:36  Probe  
  40  3:37  Gateway  
  41  3:46  Probe  
  41  3:48  Warp Prism (Chrono Boost)  
  42  3:53  Probe  
  45  3:55  Pylon  
  45  3:58  Probe, Assimilator  
  46  4:13  Probe x2, Pylon  
  46  4:16  Observer (Chrono Boost)  
  49  4:19  Pylon  
  49  4:25  Probe  
  49  4:26  Nexus  
  49  4:27  Probe  
  51  4:43  Dark Templar x2  
  51  4:44  Probe  
  51  4:45  Probe  
  57  4:47  Dark Templar  
  59  4:55  Assimilator  
  59  4:56  Probe  
  59  4:57  Probe  
  59  4:58  Forge  
  61  5:09  Probe  
  61  5:12  Observer (Chrono Boost)  
  63  5:15  Shield Battery  
  61  5:27  Stalker x3  
  67  5:29  Probe  
  67  5:30  Observer  
  67  5:33  Charge (Chrono Boost)  
  69  5:38  Protoss Ground Weapons Level 1  
  69  5:43  Archon  
  70  5:50  Probe x3  
  70  5:51  Shield Battery  
  72  6:02  Probe  
  72  6:03  Probe  
  74  6:07  Gateway  
  74  6:08  Gateway  
  74  6:09  Probe  
  74  6:11  Gateway, Zealot, Pylon, Sentry x2  
  77  6:13  Gateway  
  77  6:14  Probe  
  77  6:18  Probe, Gateway  
  83  6:21  Probe  
  83  6:22  Pylon  
  84  6:27  Pylon  
  86  6:34  Warp Prism (Chrono Boost)  
  86  6:36  Dark Templar  
  86  6:39  Probe x3  
  85  6:43  Stalker  
  87  6:48  Stalker  
  89  7:02  Pylon  
  89  7:04  Pylon, Sentry  
  89  7:05  Zealot  
  89  7:06  Dark Templar x2  
  97  7:08  Zealot  
  97  7:09  Zealot  
  97  7:12  Archon  
  99  7:19  Probe x3  
  102  7:23  Blink (Chrono Boost)  
  102  7:25  Shadow Stride  
  102  7:29  Nexus  
  102  7:31  Probe x3  
  102  7:34  Protoss Ground Armor Level 1 (Chrono Boost)  
  105  7:37  Assimilator  
  105  7:42  Assimilator  
  105  7:43  Probe x3  
  108  7:50  Forge  
  108  7:52  Pylon  
  108  7:55  Probe x2  
  108  7:56  Robotics Bay  
  110  8:00  Observer  
  110  8:01  Robotics Facility  
  110  8:03  Pylon  
  110  8:04  Zealot x7  
  124  8:11  Probe x2  
  124  8:12  Probe  
  127  8:16  Protoss Ground Weapons Level 2 (Chrono Boost)  
  127  8:17  Pylon  
  127  8:19  Pylon  
  127  8:20  Photon Cannon  
  127  8:32  Probe, Stargate  
  127  8:33  Probe x2  
  130  8:36  Gravitic Drive  
  130  8:37  Zealot x7  
  130  8:38  Zealot  
  130  8:40  Disruptor (Chrono Boost)  
  147  8:53  Disruptor (Chrono Boost)  
  150  8:57  Assimilator  
  150  8:58  Pylon  
  150  8:59  Assimilator  
  150  9:12  Pylon  
  153  9:18  Disruptor (Chrono Boost)  
  153  9:21  Disruptor (Chrono Boost)  
  156  9:26  Fleet Beacon  
  156  9:28  Pylon  
  156  9:32  Pylon  
  156  9:33  Pylon  
  156  9:34  Pylon  
  156  9:40  Stalker x6  
  156  9:41  Protoss Air Weapons Level 1 (Chrono Boost)  
  156  9:43  Pylon  
  162  9:57  Disruptor, Warp Prism  
  165  10:05  Dark Templar x3  
  169  10:13  Dark Templar  
  171  10:36  Fleet Beacon  
  171  10:38  Stargate  
  171  10:40  Stargate  
  171  10:42  Pylon  
  169  10:54  Nexus  
  169  10:58  Nexus  
  169  10:59  Pylon  
  155  11:09  Disruptor x2  
  146  11:13  Dark Templar x4  
  146  11:14  Zealot x4  
  162  11:25  Carrier  
  168  11:31  Assimilator  
  168  11:33  Assimilator  
  168  11:35  Photon Cannon, Pylon  
  168  11:37  Photon Cannon  
  168  11:38  Shield Battery, Pylon  
  168  11:40  Photon Cannon  
  168  11:43  Carrier  
  174  11:58  Protoss Air Weapons Level 2 (Chrono Boost)  
  164  12:03  Warp Prism  
  164  12:04  Carrier  
  172  12:10  Archon  
  172  12:12  Protoss Ground Weapons Level 3  
  172  12:13  Protoss Ground Armor Level 2  
  166  12:17  Zealot x6  
  166  12:18  Zealot x2  
  180  12:38  Carrier  
  190  13:01  Dark Templar  
  192  13:06  Pylon  
  192  13:08  Carrier  
  178  13:42  Carrier, Dark Templar x4  
  178  13:43  Zealot x4  
  141  14:09  Disruptor x2, Stargate  
  130  14:13  Carrier (Chrono Boost)  
  130  14:14  Zealot x7  
  130  14:15  Zealot  
  144  14:36  Probe x2  
  142  14:45  Dark Templar x3  
  142  14:46  Dark Templar x3  
  142  14:48  Probe x2  
  142  14:49  Dark Templar  
  164  14:54  Carrier (Chrono Boost)  
  164  14:57  Stalker  
  164  14:58  Carrier (Chrono Boost)  
  166  15:00  Probe  
  167  15:29  Disruptor  
  167  15:30  Disruptor  
  173  15:36  Probe x2  
  173  15:37  Probe x3  
  173  15:38  Pylon  
  173  15:41  Photon Cannon  
  173  15:42  Photon Cannon  
  176  15:44  Photon Cannon  
  176  15:45  Photon Cannon  
  176  15:47  Pylon  
  176  15:59  Dark Templar x6  
  176  16:00  Zealot  
  175  16:21  Archon x2  
  157  16:37  Dark Templar x8  
Show
View Real Time Build Order
Export as new Build Order

iGXY Terran 

Build Orders: Reaper Expand, Banshee Rush 

Get SALT Encoding   

  12  0:00  SCV  
  13  0:12  SCV  
  14  0:17  Supply Depot  
  14  0:24  SCV  
  15  0:38  SCV  
  15  0:40  Barracks  
  15  0:42  Refinery  
  16  0:50  SCV  
  17  1:02  SCV  
  18  1:15  SCV  
  19  1:29  Reaper, Orbital Command  
  20  1:42  Command Center  
  20  1:51  Supply Depot  
  20  1:54  SCV  
  20  2:01  Barracks Reactor  
  21  2:06  SCV  
  22  2:16  Bunker  
  22  2:19  SCV  
  23  2:23  Factory  
  23  2:30  Refinery  
  23  2:31  SCV  
  24  2:37  Marine x2  
  24  2:43  SCV  
  27  2:55  SCV  
  27  2:56  Marine x2  
  27  2:57  Orbital Command  
  30  3:07  Starport, Factory Tech Lab, SCV  
  31  3:14  Marine x2  
  31  3:19  SCV  
  34  3:24  SCV  
  35  3:30  Supply Depot  
  35  3:31  SCV, Marine  
  35  3:32  Marine  
  38  3:36  SCV  
  38  3:41  Factory Tech Lab  
  39  3:43  SCV  
  40  3:48  SCV  
  40  3:51  Banshee, Cloaking Field  
  43  3:55  SCV  
  43  3:56  Marine x2  
  43  4:00  SCV  
  47  4:07  SCV  
  47  4:08  Siege Tank  
  51  4:12  SCV  
  51  4:14  Supply Depot  
  52  4:20  SCV, Command Center  
  53  4:25  SCV  
  54  4:35  SCV  
  54  4:37  SCV  
  59  4:39  Marine x2  
  59  4:44  Supply Depot  
  61  4:47  SCV  
  61  4:54  SCV  
  61  4:55  Engineering Bay, Supply Depot  
  62  5:00  Siege Tank  
  62  5:02  Marine  
  62  5:03  SCV, Marine  
  62  5:06  SCV  
  58  5:20  SCV, Marine x2  
  58  5:21  SCV  
  60  5:24  Missile Turret  
  58  5:32  SCV  
  58  5:33  SCV  
  58  5:35  SCV  
  61  5:37  Raven  
  61  5:38  Marine x2  
  65  5:45  SCV  
  65  5:46  Orbital Command  
  65  5:49  Siege Tank  
  69  5:52  SCV  
  69  5:54  Missile Turret  
  70  5:59  SCV  
  70  6:02  Refinery  
  71  6:05  Refinery  
  71  6:08  Missile Turret  
  71  6:11  Marine  
  72  6:17  SCV x2  
  74  6:20  Viking  
  72  6:33  SCV  
  72  6:35  SCV  
  72  6:36  Supply Depot  
  75  6:40  Orbital Command  
  75  6:44  Factory Tech Lab  
  75  6:45  SCV, Barracks  
  75  6:47  Barracks  
  75  6:49  Marine, Stimpack  
  75  6:52  Terran Infantry Weapons Level 1  
  75  6:53  SCV  
  77  6:57  Barracks  
  77  6:58  SCV, Barracks  
  78  7:05  SCV, Bunker  
  78  7:06  Bunker  
  80  7:08  SCV  
  80  7:10  SCV  
  81  7:17  SCV  
  81  7:20  Marauder  
  81  7:21  SCV  
  81  7:22  SCV  
  86  7:24  Siege Tank, Supply Depot  
  86  7:27  Starport Reactor  
  86  7:29  SCV  
  90  7:33  SCV  
  90  7:34  SCV  
  92  7:37  Marine x2  
  92  7:41  SCV  
  92  7:43  Supply Depot  
  95  7:45  SCV  
  95  7:46  Barracks Reactor, SCV, Supply Depot  
  95  7:47  Supply Depot  
  95  7:48  Barracks Tech Lab  
  95  7:49  Marauder x2  
  101  7:53  SCV  
  101  7:55  Marine, Supply Depot  
  101  7:57  SCV  
  104  7:59  SCV, Supply Depot  
  104  8:01  Marine  
  106  8:06  Marine  
  106  8:10  Refinery, Marauder, Marine, Command Center, Siege Tank  
  106  8:11  Refinery  
  113  8:13  Marine  
  113  8:17  SCV x2  
  113  8:18  SCV, Marine  
  118  8:20  Missile Turret  
  118  8:21  Missile Turret x2  
  118  8:24  Marine  
  119  8:27  Marine  
  119  8:29  SCV  
  119  8:30  Marine x3  
  119  8:31  Marine  
  119  8:32  Supply Depot  
  125  8:41  Marine  
  125  8:42  Marauder, Siege Tank  
  125  8:44  SCV x3  
  125  8:46  Marauder  
  125  8:47  Combat Shield  
  125  8:48  Marine x3  
  137  8:49  Marauder  
  140  8:56  SCV  
  140  8:57  Terran Infantry Armor Level 1  
  140  8:58  SCV x2, Barracks  
  140  8:59  Barracks x2, Marine  
  144  9:03  Missile Turret  
  144  9:04  Missile Turret  
  144  9:07  Marauder x2  
  144  9:08  SCV  
  144  9:09  Medivac  
  78  9:10  SCV, Medivac  
  151  9:12  Marauder, Marine  
  157  9:17  Supply Depot x2  
  157  9:19  Supply Depot  
  157  9:22  Marine x2, Siege Tank  
  162  9:28  Marauder  
  162  9:29  Missile Turret  
  166  9:31  Marauder, Marine x2, Missile Turret  
  166  9:34  Marauder  
  166  9:35  Concussive Shells  
  170  9:40  Marine x2  
  172  9:47  Barracks Tech Lab, Sensor Tower  
  172  9:49  Barracks Tech Lab  
  172  9:57  SCV x3  
  172  9:59  Siege Tank  
  164  10:08  Medivac x2  
  164  10:14  Refinery, SCV x3, Armory, Marine, Engineering Bay  
  168  10:15  Marine  
  168  10:16  Sensor Tower, Missile Turret  
  168  10:18  Marauder x2  
  168  10:19  Refinery, Marine  
  178  10:25  Planetary Fortress  
  178  10:27  SCV x2  
  179  10:32  SCV  
  179  10:34  Sensor Tower  
  182  10:35  Siege Tank  
  182  10:39  SCV, Marauder x2  
  187  10:52  Missile Turret  
  187  10:53  Medivac x2  
  188  11:03  SCV  
  188  11:04  SCV x2  
  178  11:09  Siege Tank  
  164  11:12  Marauder x3  
  164  11:15  SCV  
  164  11:16  SCV x2  
  164  11:17  Barracks Tech Lab, SCV  
  174  11:22  Missile Turret x2  
  174  11:24  Marine  
  175  11:28  SCV x2  
  175  11:29  SCV  
  175  11:30  SCV  
  179  11:40  SCV x2  
  179  11:41  SCV, Bunker, Siege Tank  
  179  11:45  Terran Infantry Weapons Level 2  
  179  11:46  Ghost Academy  
  185  11:51  Terran Ship Weapons Level 1  
  184  12:02  Missile Turret  
  184  12:13  Sensor Tower  
  184  12:15  Ghost x3  
  186  12:16  Enhanced Shockwaves  
  186  12:18  SCV x3  
  192  12:30  Missile Turret  
  190  12:38  SCV  
  190  12:42  Sensor Tower  
  191  12:47  Starport  
  191  12:52  Missile Turret  
  191  12:59  Missile Turret  
  191  13:00  Command Center  
  191  13:01  SCV x3  
  194  13:11  Orbital Command, Ghost x2  
  194  13:12  Ghost  
  195  13:16  Ghost  
  192  13:23  Siege Tank  
  169  14:00  Ghost  
  163  14:03  Viking  
  163  14:04  Ghost  
  163  14:05  Marine x3  
  163  14:07  Marine  
  163  14:08  Marine x4  
  141  14:22  Marine  
  141  14:23  Marine x2  
  140  14:25  Marine x3  
  140  14:26  Marine x2  
  140  14:29  SCV x3, Marine  
  146  14:33  Marine  
  146  14:38  Terran Infantry Armor Level 2, Terran Ship Weapons Level 2  
  145  14:40  Marine  
  145  14:41  SCV x3, Starport Reactor, Marine x2  
  145  14:43  Marine x4  
  145  14:44  Marine, Medivac  
  145  14:45  Medivac  
  160  14:47  Marine  
  160  14:51  Marine  
  162  14:58  Marine x3  
  165  15:01  Marine  
  166  15:07  SCV x3  
  168  15:14  Medivac  
  168  15:15  Medivac  
  168  15:19  Missile Turret  
  159  15:24  Viking x2  
  153  15:44  SCV, Viking  
  153  15:45  SCV x2, Viking  
  160  15:54  Medivac x2  
  160  15:56  SCV  
  161  15:57  SCV x2  
  161  16:05  Planetary Fortress  
  161  16:06  Ghost x2  
  161  16:08  SCV  
  161  16:09  Refinery  
  161  16:10  Missile Turret  
  166  16:14  Viking  
  166  16:15  Viking  
  163  16:20  SCV, Ghost x2  
  163  16:24  Viking  
  151  16:28  Ghost x2  
  151  16:32  SCV  
  122  16:36  Marine x2  
  122  16:39  Marine  
  114  16:40  Marine  
Tags
 
Add a new tag
Caveats
  • Supply blocks, unpowered buildings, or Contaminate may cause inaccurate times.
  • Supply counts are checked every 10 seconds.